 Dungeon Crawl Stone Soup version 0.30-a0-930-gb9d0489357 (webtiles) character file.

Game seed: 449690575760696314

37870 mopl the Jinx (level 13, 0/78 HPs)
             Began as a Deep Elf Enchanter on Mar 23, 2023.
             Was the Champion of Dithmenos.
             Killed from afar by a fire dragon (26 damage)
             ... with a blast of flame
             ... on level 4 of the Lair of Beasts.
             The game lasted 00:34:05 (15252 turns).

mopl the Jinx (Deep Elf Enchanter)                 Turns: 15252, Time: 00:34:05

Health: 0/78       AC: 13    Str:  7    XL:     13   Next: 60%
Magic:  27/31      EV: 12    Int: 30    God:    Dithmenos [******]
Gold:   2006       SH:  6    Dex: 19    Spells: 21/37 levels left

rFire   . . .      SeeInvis .    a - +3 dagger (venom)
rCold   + . .      Faith    .    X - +0 buckler
rNeg    . . .      Spirit   .    Q - +0 steam dragon scales
rPois   +          Reflect  .    x - +2 helmet
rElec   .          Rampage  .    C - +1 cloak
rCorr   .                        (no gloves)
Will    +....                    T - +2 pair of boots
Stlth   ++++++++++               (no amulet)
HPRegen 0.33/turn                U - ring of poison resistance
MPRegen 0.22/turn                J - ring "Ywuibets" {*Corrode rC+ Int+6 Dex+4}

@: about to teleport, wreathed by umbra
A: no striking features
a: Renounce Religion, Shadow Step, Shadow Form


You were on level 4 of the Lair of Beasts.
You worshipped Dithmenos.
Dithmenos was exalted by your worship.
You visited 2 branches of the dungeon, and saw 15 of its levels.
You also visited: Ossuary and Bailey.

You collected 2006 gold pieces.

Inventory:

Hand Weapons
 a - a +3 dagger of venom (weapon)
 Z - a +1 scimitar of flaming
Missiles
 b - 8 boomerangs
 k - 49 poisoned darts
 B - 3 datura-tipped darts
 K - 13 curare-tipped darts
 P - a throwing net
 Y - 8 atropa-tipped darts
Armour
 v - a +0 robe of fire resistance
 x - a +2 helmet (worn)
 C - a +1 cloak (worn)
 Q - +0 steam dragon scales (worn)
 T - a +2 pair of boots (worn)
 X - a +0 buckler (worn)
Jewellery
 I - a +5 ring of evasion
 J - the ring "Ywuibets" (right hand) {*Corrode rC+ Int+6 Dex+4}
   (You found it on level 7 of the Dungeon)

   [ring of intelligence]

   Int:       It affects your intelligence (+6).
   Dex:       It affects your dexterity (+4).
   rC:        It protects you from cold.
   *Corrode:  It may corrode you when you take damage.
 U - a ring of poison resistance (left hand)
Wands
 g - a wand of roots (20)
 n - a wand of digging (6)
 p - a wand of charming (2)
 r - a wand of flame (11)
 F - a wand of polymorph (11)
 N - a wand of acid (5)
Scrolls
 d - 3 scrolls of poison {unknown}
 e - 3 scrolls of fear {unknown}
 f - 4 scrolls of enchant armour {unknown}
 h - 3 scrolls of silence {unknown}
 j - 2 scrolls of torment {unknown}
 o - 2 scrolls of acquirement {unknown}
 q - a scroll of identify
 s - 5 scrolls of teleportation
 t - 2 scrolls of fog {unknown}
 u - a scroll of amnesia {unknown}
 y - 2 scrolls of immolation {unknown}
 D - 3 scrolls of blinking {unknown}
 E - 2 scrolls of vulnerability {unknown}
 G - a scroll of butterflies {unknown}
 L - a scroll of noise {unknown}
 W - 3 scrolls of enchant weapon {unknown}
Potions
 c - 2 potions of invisibility
 i - 7 potions of brilliance
 l - 2 potions of heal wounds
 m - 7 potions of curing
 w - 3 potions of might
 z - a potion of berserk rage {!q}
 A - 6 potions of flight
 O - a potion of resistance
 V - 5 potions of lignification {!q}


   Skills:
 + Level 7.9 Fighting
 + Level 9.7 Short Blades
 + Level 5.1 Throwing
 - Level 2.4 Dodging
 + Level 13.1 Stealth
 + Level 4.2 Shields
 + Level 12.8 Spellcasting
 + Level 13.2 Hexes
 - Level 5.0 Transmutations
 + Level 5.3 Invocations
 + Level 3.2 Evocations


You had 21 spell levels left.
You knew the following spells:

 Your Spells              Type           Power      Damage    Failure   Level
a - Dazzling Flash        Conj/Hex       100%       N/A       1%          3
b - Ensorcelled Hibernat  Hex/Ice        100%       N/A       1%          2
c - Confusing Touch       Hex            78%        N/A       1%          3
d - Tukima's Dance        Hex            78%        N/A       1%          3
y - Yara's Violent Unrav  Hex/Tmut       32%        3d13      2%          5

Your spell library contained the following spells:

 Spells                   Type           Power      Damage    Failure   Level
 Beastly Appendage        Tmut           98%        N/A       1%          1
 Wereblood                Tmut           49%        N/A       1%          2
 Foxfire                  Conj/Fire      76%        2x1d7     3%          1
 Spider Form              Tmut/Pois      34%        N/A       3%          3
 Lesser Beckoning         Tloc           38%        N/A       4%          2
 Scorch                   Fire           38%        2d7       4%          2
 Ignite Poison            Fire/Tmut/Pois 29%        N/A       4%          3
 Gell's Gravitas          Tloc           19%        N/A       10%         3
 Teleport Other           Tloc           19%        N/A       10%         3
 Blade Hands              Tmut           24%        N/A       12%         5
 Animate Armour           Summ/Erth      38%        N/A       32%         4
 Flame Wave               Conj/Fire      19%        2d7       32%         4
 Passage of Golubria      Tloc           19%        N/A       32%         4
 Sticky Flame             Conj/Fire      19%        2d4       32%         4
 Fireball                 Conj/Fire      9%         3d6       67%         5
 Iron Shot                Conj/Erth      9%         9d3       99%         6
 Starburst                Conj/Fire      9%         6d5       99%         6
 Summon Cactus Giant      Summ           9%         N/A       99%         6
 Ignition                 Fire           9%         3d5       100%        8


Dungeon Overview and Level Annotations

Branches:
Dungeon (11/15)            Temple (0/1) D:5            Lair (4/5) D:11
 Shoals (0/4) Lair:2       Spider (0/4) Lair:2        Slime (0/5) Lair:4
    Orc (0/2) D:9         Ossuary (visited)          Bailey (visited)

Altars:
Cheibriados
Dithmenos
Elyvilon
Fedhas
Kikubaaqudgha
Makhleb
Nemelex Xobeh
Okawaru
Uskayaw
Wu Jian
Zin

Annotations:
D:9 exclusion: orange crystal statue
D:11 exclusion: door
Lair:2 1 exclusion


Message History

The steam dragon hisses angrily.
A fire dragon comes into view.
The steam dragon looks drowsy...
Your shadow mimicks your spell!
The steam dragon is unaffected.
The fire dragon roars deafeningly!
A rime drake comes into view.
The helpless steam dragon fails to defend itself.
You skewer the steam dragon like a kebab!!!!
You kill the steam dragon!
Dithmenos accepts your kill.
Unknown command.
Unknown command.
Okay, then.
Okay, then.
Casting: Ensorcelled Hibernation (safe; 1% risk of failure)
Confirm with . or Enter, or press ? or * to list all spells.
Aiming: Ensorcelled Hibernation (safe; 1% risk of failure)
Press: ? - help, Shift-Dir - straight line, f - fire dragon
Aim: a fire dragon (umbra, chance to affect: 37%)
The fire dragon easily resists.
Your shadow mimicks your spell!
The fire dragon resists with almost no effort.
The rime drake hisses angrily.
Unknown command.
Casting: Ensorcelled Hibernation (safe; 1% risk of failure)
Confirm with . or Enter, or press ? or * to list all spells.
Aiming: Ensorcelled Hibernation (safe; 1% risk of failure)
Press: ? - help, Shift-Dir - straight line, f/p - fire dragon
Aim: a fire dragon (umbra, chance to affect: 37%)
The fire dragon easily resists.
The fire dragon breathes flames at you. The blast of flame hits you!!!
Ouch! That really hurt!
You emit a cloud of dark smoke.
As you read the scroll labelled DILUOFAWKA, it crumbles to dust.
You feel strangely unstable.
It was a scroll of teleportation.
The fire dragon breathes flames at you. The blast of flame hits you!!
You die...

####........####
#.............#
# #......k....#
#.#.......>...#
# #...........#
############.##
# #...........##
#...# ##
#P........§§§##
##.#. .#
###...#...§§§§#
#### ####
#..###.§§D§§# #
...# ###
##§§§§#### ...#
#..§§§@..## #..#
##.....#..#
#÷.####
#.8...[#..#
#..##.##
#....≈## ##
#.##...# #...≈§#
#.##...# #≈.§.##
.......# ##§§.##
#......# #..≈##
#......# #...##


You could see a fire dragon (catching breath).

Vanquished Creatures
  2 boulder beetles
  2 two-headed ogres
  A lindwurm (Lair:3)
  A deep elf pyromancer (D:10)
  2 cyclopes (D:11)
  3 manticores
  4 black mambas
  9 cane toads
  An efreet (D:9)
  12 rime drakes
  3 komodo dragons
  A meliai (Lair:2)
  A polar bear (Lair:2)
  4 dream sheep (Lair:4)
  A snapping turtle (Lair:2)
  6 shadows
  7 wyverns
  A wraith (D:9)
  59 yaks
  11 basilisks
  A vampire mosquito (D:10)
  8 steam dragons
  15 water moccasins
  4 orc warriors
  A sky beast (D:8)
  4 black bears
  2 ice beasts
  An ogre (D:6)
  12 wolves
  2 centaurs
  8 kobold brigands
  3 elf zombies (Ossuary)
  2 phantoms
  13 bullfrogs
  3 gnoll sergeants
  5 necrophages
  2 scorpions
  2 wights (D:7)
  2 troll zombies (D:9)
  33 killer bees
  A howler monkey (D:9)
  An electric eel (Lair:2)
  6 centaur zombies (Ossuary)
  13 jellies
  5 hounds
  3 orc priests
  A sleepcap (D:4)
  Jessica (D:3)
  3 iguanas
  2 orc wizards (D:11)
  9 hell rats (Lair:3)
  6 ogre zombies (D:9)
  A hound zombie (Ossuary)
  3 mummies (Ossuary)
  Robin (D:3)
  10 gnolls
  An adder (D:4)
  A white imp (D:7)
  4 adder zombies (Ossuary)
  A worm (D:7)
  28 orcs
  5 ball pythons
  4 bats
  9 endoplasms
  4 giant cockroaches
  4 gnoll zombies (Ossuary)
  17 goblins
  5 hobgoblins
  5 quokkas
  5 frilled lizards
  3 goblin skeletons (D:9)
  3 goblin zombies
  A hobgoblin skeleton (D:9)
  4 hobgoblin zombies
  2 jackal zombies (Ossuary)
  34 kobolds
  6 kobold zombies (Ossuary)
  2 orc skeletons (D:9)
  16 orc zombies
  4 quokka zombies (Ossuary)
  7 rats
  A rat zombie (Ossuary)
496 creatures vanquished.

Vanquished Creatures (collateral kills)
  A manticore (D:9)
  A komodo dragon (Lair:4)
  A vampire mosquito (D:10)
  A wight (D:7)
  Crazy Yiuf (D:4)
  Ijyb (D:3)
  An orc wizard (D:8)
  A gnoll (D:8)
  A kobold (D:8)
9 creatures vanquished.

Vanquished Creatures (others)
  A rime drake (Lair:4)
  2 dancing weapons
  A bush (Lair:3)
  14 fungi
  39 plants
57 creatures vanquished.

Grand Total: 562 creatures vanquished

Notes
Turn   | Place    | Note
-------+----------+-------------------------------------------
     0 | D:1      | mopl the Deep Elf Enchanter began the quest for the Orb.
     0 | D:1      | Reached XP level 1. HP: 10/10 MP: 6/6
    26 | D:1      | You fall into a shaft and drop 1 floor!
   190 | D:1      | Reached XP level 2. HP: 15/15 MP: 8/8
   198 | D:1      | Learned a level 2 spell: Ensorcelled Hibernation
   428 | D:1      | Reached skill level 4 in Stealth
  1098 | D:2      | Reached XP level 3. HP: 19/19 MP: 10/10
  1102 | D:2      | Learned a level 3 spell: Confusing Touch
  1154 | D:2      | Learned a level 3 spell: Tukima's Dance
  1589 | D:3      | Noticed Ijyb
  1598 | D:3      | Killed Ijyb
  1599 | D:3      | Reached skill level 2 in Short Blades
  1746 | D:3      | Noticed Jessica
  1748 | D:3      | Killed Jessica
  1749 | D:3      | Reached skill level 4 in Spellcasting
  1749 | D:3      | Reached XP level 4. HP: 24/24 MP: 12/12
  1847 | D:3      | Noticed Robin
  2162 | D:3      | Reached skill level 5 in Hexes
  2176 | D:3      | Killed Robin
  2605 | D:4      | Found a burning altar of Makhleb.
  2635 | D:4      | Found a hide-covered altar of Uskayaw.
  2637 | D:4      | Reached XP level 5. HP: 28/28 MP: 13/13
  2638 | D:4      | Found a shadowy altar of Dithmenos.
  2640 | D:4      | Found an ancient bone altar of Kikubaaqudgha.
  2647 | D:4      | Became a worshipper of Dithmenos the Shadowed
  2767 | D:4      | Found a sand-covered staircase.
  2775 | D:4      | Learned a level 3 spell: Dazzling Flash
  2776 | Ossuary  | Entered an ossuary
  2853 | Ossuary  | Reached skill level 5 in Stealth
  2872 | Ossuary  | Reached skill level 1 in Fighting
  3053 | Ossuary  | Reached XP level 6. HP: 29/34 MP: 11/15
  3056 | Ossuary  | Reached * piety under Dithmenos
  3094 | Ossuary  | Reached skill level 3 in Short Blades
  3175 | Ossuary  | Reached skill level 5 in Spellcasting
  3255 | Ossuary  | Reached skill level 6 in Hexes
  3336 | Ossuary  | Reached XP level 7. HP: 30/39 MP: 13/17
  3399 | Ossuary  | Reached skill level 2 in Fighting
  3399 | Ossuary  | Reached skill level 6 in Stealth
  3652 | D:4      | Found a runed translucent door.
  3653 | D:4      | Noticed Crazy Yiuf
  3940 | D:4      | Killed Crazy Yiuf
  3970 | D:5      | Entered Level 5 of the Dungeon
  3970 | D:5      | Found a staircase to the Ecumenical Temple.
  3995 | D:5      | Found an ornate altar of the Wu Jian Council.
  4217 | D:5      | Reached skill level 4 in Short Blades
  4230 | D:5      | Reached skill level 6 in Spellcasting
  4697 | D:6      | Reached XP level 8. HP: 45/45 MP: 17/19
  4717 | D:6      | Reached skill level 7 in Hexes
  4743 | D:6      | Reached skill level 7 in Stealth
  4830 | D:6      | Reached skill level 3 in Fighting
  4925 | D:6      | Reached ** piety under Dithmenos
  5225 | D:6      | Found a sparkling altar of Nemelex Xobeh.
  5501 | D:7      | Reached skill level 7 in Spellcasting
  5511 | D:7      | Reached skill level 5 in Short Blades
  5533 | D:7      | Reached skill level 8 in Hexes
  5741 | D:7      | Reached skill level 8 in Stealth
  5741 | D:7      | Reached XP level 9. HP: 52/52 MP: 19/22
  5810 | D:7      | Found a snail-covered altar of Cheibriados.
  5960 | D:7      | Reached skill level 4 in Fighting
  5985 | D:7      | Identified the ring "Ywuibets" {*Corrode rC+ Int+6 Dex+4}
  6433 | D:8      | Reached skill level 8 in Spellcasting
  6439 | D:8      | Reached *** piety under Dithmenos
  6689 | D:8      | Reached skill level 6 in Short Blades
  6689 | D:8      | Reached skill level 9 in Hexes
  6875 | D:8      | Reached skill level 9 in Stealth
  7019 | D:8      | Found an iron altar of Okawaru.
  7035 | D:8      | You fall into a shaft and drop 3 floors!
  7073 | D:11     | Noticed a cyclops
  7093 | D:11     | Killed a cyclops
  7162 | D:11     | Reached skill level 9 in Spellcasting
  7162 | D:11     | Reached XP level 10. HP: 23/58 MP: 14/25
  7334 | D:11     | Reached **** piety under Dithmenos
  7337 | D:11     | Reached skill level 5 in Fighting
  7428 | D:11     | Noticed a cyclops
  7500 | D:11     | Killed a cyclops
  7555 | D:11     | Reached skill level 10 in Hexes
  7561 | D:10     | Entered Level 10 of the Dungeon
  7561 | D:10     | Found a glowing silver altar of Zin.
  7657 | D:11     | Noticed a manticore
  7664 | D:11     | Killed a manticore
  7665 | D:11     | Reached skill level 7 in Short Blades
  7665 | D:11     | Reached skill level 10 in Stealth
  7771 | D:11     | Reached skill level 10 in Spellcasting
  7778 | D:11     | Found a staircase to the Lair.
  7822 | D:11     | Learned a level 5 spell: Yara's Violent Unravelling
  8033 | D:11     | Noticed a manticore
  8038 | D:11     | Killed a manticore
  8039 | D:11     | Reached skill level 1 in Transmutations
  8214 | D:11     | Noticed a boulder beetle
  8229 | D:11     | Killed a boulder beetle
  8230 | D:11     | Reached skill level 6 in Fighting
  8230 | D:11     | Reached XP level 11. HP: 64/64 MP: 23/27
  8340 | D:10     | Noticed a deep elf pyromancer
  8343 | D:10     | Noticed a two-headed ogre
  8568 | D:10     | Reached skill level 2 in Transmutations
  8631 | D:10     | Killed a deep elf pyromancer
  8632 | D:10     | Reached skill level 11 in Hexes
  8637 | D:10     | Killed a two-headed ogre
  8642 | D:10     | Reached skill level 11 in Stealth
  8770 | D:10     | Reached skill level 8 in Short Blades
  8772 | D:10     | Reached skill level 3 in Transmutations
  8840 | D:9      | Found a flagged portal.
  8859 | D:9      | Reached skill level 11 in Spellcasting
  8880 | Bailey   | Entered a bailey
  8989 | Bailey   | Reached ***** piety under Dithmenos
  9075 | Bailey   | Reached skill level 1 in Shields
  9124 | Bailey   | Found an iron altar of Okawaru.
  9276 | D:9      | Found a white marble altar of Elyvilon.
  9301 | D:9      | Noticed an orange crystal statue
  9523 | D:9      | Reached skill level 1 in Invocations
  9623 | D:9      | Reached skill level 1 in Throwing
  9642 | D:9      | Reached skill level 4 in Transmutations
  9745 | D:9      | Found a staircase to the Orcish Mines.
 10054 | D:9      | Reached skill level 2 in Invocations
 10057 | D:9      | Reached XP level 12. HP: 71/71 MP: 20/29
 10110 | D:9      | Noticed a two-headed ogre
 10115 | D:9      | Killed a two-headed ogre
 10116 | D:9      | Reached skill level 2 in Shields
 10126 | D:9      | Noticed a boulder beetle
 10461 | D:9      | Found a blossoming altar of Fedhas.
 10663 | D:9      | Killed a boulder beetle
 10664 | D:9      | Reached skill level 2 in Throwing
 10664 | D:9      | Reached skill level 12 in Hexes
 11062 | Lair:1   | Entered Level 1 of the Lair of Beasts
 11171 | Lair:1   | Reached skill level 12 in Stealth
 11171 | Lair:1   | Reached skill level 5 in Transmutations
 11174 | Lair:1   | Reached skill level 7 in Fighting
 11176 | Lair:1   | Reached skill level 3 in Invocations
 11313 | Lair:1   | Reached skill level 3 in Throwing
 11873 | Lair:2   | Noticed an ice dragon
 12094 | Lair:2   | Found a staircase to the Shoals.
 12154 | Lair:2   | Reached skill level 9 in Short Blades
 12202 | Lair:2   | Reached skill level 3 in Shields
 12211 | Lair:2   | Reached skill level 12 in Spellcasting
 12322 | Lair:1   | Reached ****** piety under Dithmenos
 12385 | Lair:2   | Found a hole to the Spider Nest.
 12399 | Lair:2   | Reached skill level 4 in Invocations
 12751 | Lair:3   | Reached skill level 4 in Throwing
 13209 | Lair:3   | Reached XP level 13. HP: 76/76 MP: 29/31
 13220 | Lair:3   | Reached skill level 1 in Evocations
 13269 | Lair:3   | You fall into a shaft and drop 1 floor!
 13536 | Lair:4   | Reached skill level 2 in Evocations
 14048 | Lair:3   | Reached skill level 13 in Hexes
 14072 | Lair:3   | Reached skill level 5 in Invocations
 14535 | Lair:4   | Reached skill level 4 in Shields
 14757 | Lair:4   | Found a staircase to the Slime Pits.
 14797 | Lair:4   | Reached skill level 13 in Stealth
 14946 | Lair:4   | Reached skill level 3 in Evocations
 14966 | Lair:4   | Reached skill level 5 in Throwing
 15242 | Lair:4   | Noticed a fire dragon
 15252 | Lair:4   | Killed from afar by a fire dragon

Illustrated notes

Levels and vault maps discovered:
D:1:      minmay_arrival_hallway, layout_loops_ring, nrook_mini_backslash
D:2:      layout_rooms, minmay_hedge_maze, chequers_serial_rivers_micro_b
D:3:      layout_basic, serial_corexii_hall, corexii_hall_statues_s,
          chequers_hall_statues_wall_a, kennysheep_flooded_box,
          serial_park_tiny_1, uniq_robin, uniq_ijyb, uniq_jessica
D:4:      nicolae_BIG_FREAKIN_CUBE, layout_basic,
          mainiacjoe_overflow_small_starburst, grunt_temple_overflow_open,
          lightli_ossuary_entry_decrepit_ruins, uniq_crazy_yiuf_cottage
D:5:      layout_basic, nicolae_wu_jian_wuxing_cycle,
          minmay_temple_entry_offerings
D:6:      layout_cave_pods, lemuel_round_altar
D:7:      layout_loops_ring, cheibrodos_worm_habitat
D:8:      layout_basic, okawaru_trees_2
D:9:      layout_basic, elyvilon_altar_1, mainiacjoe_overflow_alcove_2,
          zombieorc2_lemuel, enter_bailey_2, grunt_decor_arrowhead,
          minivault_20, corner_web_ring, hangedman_abyss_or_decor_stabs,
          minmay_statue_bubble
D:10:     layout_long_grid, kennysheep_mini_moat, mainiacjoe_overflow_catwalk
D:11:     layout_stronghold, minmay_lair_entry_grove
Lair:1:   layout_regular_city, st_stairs_13, chequers_serial_rivers_micro_e
Lair:2:   dragon1_lemuel, layout_regular_city, minmay_shoals_entry_hut,
          hellmonk_spider_entry_not_the_bees, roderic_carrion_pond
Lair:3:   layout_roguey [special_room_mythical_zoo], beast_lair_carwin_9,
          grunt_megastairs_4
Lair:4:   layout_cave_pods, minmay_slime_entry_jelly_boxes,
          bobbens_dragon_lair_wall

Skill      XL: |  1  2  3  4  5  6  7  8  9 10 11 12 13 |
---------------+----------------------------------------+-----
Stealth        | 4 5 6 8 9 10 11 12 13 | 13.1
Short Blades   | 2 3 4 5 6 7 8 9 |  9.7
Spellcasting   | 4 5 6 7 9 10 11 12 | 12.8
Hexes          | 5 6 8 9 10 11 12 13 | 13.2
Fighting       | 1 2 3 4 6 7 |  7.9
Transmutations | 1 4 5 |  5.0
Shields        | 1 3 4 |  4.2
Invocations    | 2 4 5 |  5.3
Throwing       | 1 4 5 |  5.1
Evocations     | 3 |  3.2
Dodging        | |  2.4

Action                     |  1- 3 |  4- 6 |  7- 9 | 10-12 | 13-15 || total
---------------------------+-------+-------+-------+-------+-------++-------
  Melee: Dagger            |    71 |   241 |   224 |   464 |   174 ||  1174
         Punch             |     2 |     2 |     3 |     3 |       ||    10
         Short sword       |     5 |    54 |       |       |       ||    59
  Throw: Dart              |       |       |       |     1 |       ||     1
   Cast: Ensorcelled Hiber |     9 |    18 |    70 |   175 |    67 ||   339
         Tukima's Dance    |     1 |       |     8 |     7 |       ||    16
         Confusing Touch   |       |    13 |     9 |    24 |    13 ||    59
  Evoke: Wand              |       |       |     1 |     5 |     2 ||     8
    Use: Scroll            |       |       |     9 |     2 |     1 ||    12
         Potion            |       |       |       |       |     2 ||     2
   Stab: Sleeping          |    23 |    16 |    67 |   142 |    61 ||   309
         Distracted        |     1 |       |       |     9 |       ||    10
         Confused          |       |    14 |     9 |    24 |    13 ||    60
 Armour: Robe              |    11 |    76 |    38 |    11 |       ||   136
         Steam dragon scal |       |       |     4 |    51 |    23 ||    78
  Dodge: Dodged            |    28 |   171 |   158 |   255 |    62 ||   674
  Block: Buckler           |       |       |       |    44 |    30 ||    74

Table legend: (Time is in decaauts)
 A = Elapsed time spent in this place.
 B = Non-inter-level travel time spent in this place.
 C = Inter-level travel time spent in this place.
 D = Time resting spent in this place.
 E = Time spent auto-exploring this place.
 F = Levels seen in this place.
 G = Mean time per level.
                   A        B        C        D        E       F      G
               +--------+--------+--------+--------+--------+-----+--------+
         Total |  14914 |  14207 |    707 |   2392 |   7806 |  17 |  877.3 |
       Dungeon |   9959 |   9390 |    569 |   1256 |   5668 |  11 |  905.4 |
          Lair |   4068 |   3930 |    138 |    886 |   2043 |   4 | 1017.0 |
       Ossuary |    617 |    617 |      0 |    145 |     95 |   1 |  617.0 |
        Bailey |    269 |    269 |      0 |    105 |      0 |   1 |  269.0 |
               +--------+--------+--------+--------+--------+-----+--------+

Top non-repeatable levels by time:
     D:9: 1545 daAuts
    D:11: 1512 daAuts
  Lair:4: 1370 daAuts
     D:3: 1224 daAuts
  Lair:3: 1008 daAuts
  Lair:2: 970 daAuts
     D:8: 955 daAuts
     D:6: 888 daAuts
     D:7: 843 daAuts
     D:1: 733 daAuts
  Lair:1: 718 daAuts
     D:2: 671 daAuts
     D:4: 666 daAuts
     D:5: 624 daAuts
 Ossuary: 617 daAuts
